 Dungeon Crawl Stone Soup version 0.16-a0-3764-g1c82659 (console) character file.

2034 MarvinPA the Cutter (level 9, -6/43 HPs)
             Began as a Vine Stalker Abyssal Knight on Jan 24, 2015.
             Was an Elder of Lugonu.
             Mangled by an orc warrior
             ... wielding a +0 trident
              (9 damage)
             ... on level 7 of the Dungeon.
             The game lasted 00:20:11 (6044 turns).

MarvinPA the Cutter (Vine Stalker Abyssal Knight)   Turns: 6044, Time: 00:20:11

Health: -6/43      AC:  5    Str: 16    XL:     9   Next: 24%
Magic:  0/19       EV: 14    Int: 12    God:    Lugonu [****..]
Gold:   355        SH:  0    Dex: 16    Spells: 2 memorised, 4 levels left

rFire  + . .     SeeInvis .     a - +3 short sword (elec)
rCold  . . .     Clarity  .     H - +0 robe
rNeg   . . .     SustAb   .     (no shield)
rPois  +         Gourm    .     m - +0 helmet
rElec  .         Spirit   +     n - +0 cloak
rCorr  .         Warding  .     (no gloves)
rMut   .         Stasis   .     d - +0 pair of boots
MR     +....                    (no amulet)
Stlth  +.........               q - ring of protection from fire
                                p - ring of poison resistance

@: somewhat resistant to hostile enchantments, very unstealthy
A: fangs 3, regeneration 2, magic shield, antimagic bite, no device heal 3, rot
immunity
a: Depart the Abyss, Bend Space, Banish, Corrupt, Renounce Religion


You were on level 7 of the Dungeon.
You worshipped Lugonu.
Lugonu was greatly pleased with you.
You were not hungry.

You visited 1 branch of the dungeon, and saw 7 of its levels.
You visited the Abyss 1 time.
You also visited: Sewer.

You collected 355 gold pieces.


Innate Abilities, Weirdness & Mutations

You have razor-sharp teeth.
You heal very quickly.
When hurt, damage is shared between your health and your magic reserves.
Your bite disrupts and absorbs the magic of your enemies.
Potions and wands cannot restore your health.
You are immune to rotting.


   Skills:
 + Level 2.8 Fighting
 - Level 6.6 Short Blades
 - Level 1.5 Armour
 - Level 4.3 Dodging
 + Level 0.4 Spellcasting
 - Level 4.0 Charms
 - Level 4.1 Translocations
 - Level 5.1 Invocations


You had 4 spell levels left.
You knew the following spells:

 Your Spells              Type           Power        Failure   Level  Hunger
a - Shroud of Golubria    Chrm/Tloc      ##........   12%         2    ###....
b - Blink                 Tloc           N/A          12%         2    ###....

Inventory:

Hand weapons
 a - a +3 short sword of electrocution (weapon)
Armour
 d - a +0 pair of boots (worn)
 m - a +0 helmet (worn)
 n - a +0 cloak (worn)
 H - a +0 robe (worn)
Jewellery
 l - an uncursed ring of teleport control
 p - a ring of poison resistance (left hand)
 q - a ring of protection from fire (right hand)
Magical devices
 e - a wand of polymorph (10)
 i - a wand of confusion (26)
 w - a wand of disintegration (17)
 y - a wand of disintegration (23)
Scrolls
 k - a scroll of remove curse
 t - a scroll of amnesia
 M - a scroll of recharging
Potions
 f - 2 potions of ambrosia {!q}
 g - a potion of degeneration {unknown}
 h - a potion of cancellation {unknown}
 o - a potion of might {unknown}
 r - a potion of cure mutation {unknown}
 v - 2 potions of curing {@q1}
 x - a potion of berserk rage {unknown}
 z - 2 potions of magic {unknown}
 A - a potion of brilliance {unknown}
 B - a potion of agility {unknown}
 C - 2 potions of restore abilities {unknown}
 E - a potion of haste {unknown}
 F - a potion of poison {unknown}
 J - a potion of experience {unknown}
 K - a potion of flight {unknown}
Books
 G - a book of Spatial Translocations
Comestibles
 c - 6 bread rations
 j - 2 meat rations
 s - a slice of pizza
 u - 2 chunks of flesh
 D - 2 beef jerkies

Dungeon Overview and Level Annotations

Branches:
Dungeon (7/15)             Temple (0/1) D:5

Altars:
Cheibriados
Nemelex Xobeh
Vehumet
Yredelemnul
Zin

#####.#
######.....####
#...#...##.....
#.#.#...##.....
#.#.+...##....[
#..............
#.#######..##.#
#######.#*,,,*#.....#
#oo)f...#,,,,,#.#####
#.#####.#,,,,,###
#,,,,,..#,,,,,*
******#.#*,,,**
***###**+********
**,,,**,,,,,**,,,**
*,,,,,*,,,,,*,,,,,*
*,,,,,+,,8,,+,,,,,*
*,,,,,*,,,,,*,,,,,*


You could see an orc warrior and an orc.


Message History

The goliath beetle barely misses you.
You hit the goliath beetle but do no damage.
The goliath beetle is severely wounded.
You hit the goliath beetle.
There is a sudden explosion of sparks!
You kill the goliath beetle!
Lugonu accepts your kill.
No target in view! 2 orcs come into view.
The orc shouts!
You hear a shout!
You hear a shout!
An orc warrior comes into view. It is wielding a trident.
The orc barely misses you.
You hit the orc but do no damage. The orc warrior closely misses you.
The orc hits you but does no damage.
You puncture the orc!
There is a sudden explosion of sparks!
You kill the orc!
Lugonu accepts your kill.
The orc warrior hits you from afar with a trident!
The orc warrior hits you with a trident!
* * * LOW HITPOINT WARNING * * *
Things that are here:
a mace; a leather armour You hit the orc warrior but do no damage.
You hit the orc warrior but do no damage.
The orc warrior hits you with a trident!
* * * LOW HITPOINT WARNING * * *
You barely miss the orc warrior.
The orc warrior hits you with a trident!
* * * LOW HITPOINT WARNING * * *
The orc warrior hits you from afar with a trident!
You die...

Action                   |  1- 3 |  4- 6 |  7- 9 || total
-------------------------+-------+-------+-------++-------
Melee: Short sword       |   114 |   244 |   280 ||   638
 Cast: Shroud of Golubri |       |       |     1 ||     1
Invok: Depart the Abyss  |     1 |       |       ||     1
       Banish            |       |       |     3 ||     3
  Use: Scroll            |       |     5 |     9 ||    14
 Stab: Sleeping          |       |     1 |       ||     1
       Distracted        |       |     1 |       ||     1
  Eat: Chunk             |     2 |     7 |    10 ||    19
       Pizza             |       |     1 |       ||     1

Vault maps used:
D:1:      dpeg_arrival_rhombus, hangedman_decor_peaks_small,
          minmay_misc_feat_ornament
D:2:      minmay_liquid_box
D:3:      nicolae_overflow_hidden_temple, fiery_altar_vehumet,
          portal_sewer_entry_b
D:4:      cheibriados_altar_1, nemelex_deck
D:5:      minmay_temple_entry_overgrown, first_bread, uniq_menkaure
D:7:      grunt_temple_overflow_open, minmay_three_doors
Sewer:    sewer_ratzerg_badplayer

Notes
Turn   | Place    | Note
--------------------------------------------------------------
     0 | Abyss:1  | MarvinPA, the Vine Stalker Abyssal Knight, began the quest for the Orb.
     0 | Abyss:1  | Reached XP level 1. HP: 11/11 MP: 1/1
    68 | Abyss:1  | Noticed a thrashing horror
    69 | D:1      | Escaped the Abyss
    79 | D:1      | ouch indeed
    84 | D:1      | Reached skill level 1 in Dodging
   140 | D:1      | Reached skill level 2 in Short Blades
   267 | D:1      | Reached XP level 2. HP: 16/16 MP: 3/3
   311 | D:1      | Acquired Lugonu's first power
   894 | D:2      | Reached XP level 3. HP: 10/19 MP: 4/4
  1078 | D:2      | Reached skill level 2 in Dodging
  1318 | D:2      | Reached XP level 4. HP: 8/23 MP: 3/6
  1706 | D:2      | Acquired Lugonu's second power
  1812 | D:3      | Found a radiant altar of Vehumet.
  1901 | D:3      | Found a glowing drain.
  1919 | D:3      | Reached skill level 3 in Short Blades
  1973 | Sewer    | Entered a sewer
  2043 | Sewer    | Reached XP level 5. HP: 27/27 MP: 8/8
  2107 | Sewer    | Acquired Lugonu's third power
  2132 | Sewer    | wow is this really a sewer
  2284 | D:3      | Found a glowing silver altar of Zin.
  2841 | D:4      | Found a sparkling altar of Nemelex Xobeh.
  3030 | D:4      | Noticed a phantom
  3043 | D:4      | Reached skill level 3 in Dodging
  3136 | D:4      | Killed a phantom
  3136 | D:4      | Reached skill level 4 in Short Blades
  3136 | D:4      | Gained mutation: You heal very quickly. [vine stalker growth]
  3136 | D:4      | Reached XP level 6. HP: 11/32 MP: 9/9
  3450 | D:4      | Found a snail-covered altar of Cheibriados.
  3680 | D:4      | Noticed a hungry ghost
  3703 | D:4      | Killed a hungry ghost
  3703 | D:4      | Reached skill level 4 in Dodging
  3703 | D:4      | Reached XP level 7. HP: 32/35 MP: 8/10
  3758 | D:4      | Reached skill level 5 in Short Blades
  3758 | D:4      | Reached skill level 2 in Invocations
  3951 | D:5      | Entered Level 5 of the Dungeon
  4022 | D:5      | Reached skill level 3 in Invocations
  4305 | D:5      | Noticed Menkaure
  4316 | D:5      | Killed Menkaure
  4316 | D:5      | Gained mutation: You have razor-sharp teeth. [vine stalker growth]
  4316 | D:5      | Reached XP level 8. HP: 27/39 MP: 14/16
  4363 | D:5      | Reached skill level 6 in Short Blades
  4363 | D:5      | Reached skill level 4 in Invocations
  4431 | D:5      | Found a staircase to the Ecumenical Temple.
  4923 | D:6      | Acquired Lugonu's fourth power
  5231 | D:6      | Reached skill level 5 in Invocations
  5236 | D:6      | Learned a level 2 spell: Shroud of Golubria
  5239 | D:6      | Learned a level 2 spell: Blink
  5293 | D:6      | Reached skill level 1 in Charms
  5293 | D:6      | Reached skill level 1 in Translocations
  5339 | D:6      | Reached skill level 2 in Charms
  5340 | D:6      | Reached skill level 2 in Translocations
  5790 | D:7      | Reached skill level 3 in Charms
  5790 | D:7      | Reached skill level 3 in Translocations
  5790 | D:7      | Reached XP level 9. HP: 43/43 MP: 19/19
  5824 | D:7      | Noticed a troll
  5826 | D:7      | Banished a troll
  5895 | D:7      | Reached skill level 4 in Translocations
  5929 | D:7      | Reached skill level 4 in Charms
  5952 | D:7      | Found a basalt altar of Yredelemnul.
  6043 | D:7      | HP: 2/43 [orc warrior/trident (11)]
  6044 | D:7      | Mangled by an orc warrior

Vanquished Creatures
  A hungry ghost (D:4)
  Menkaure (D:5)
  An orc warrior (D:7)
  A sky beast (D:5)
  A phantom (D:4)
  An ogre (D:6)
  5 giant frogs
  A scorpion (D:4)
  A crimson imp (D:6)
  A goliath beetle (D:7)
  3 jellies
  2 centaur skeletons
  3 orc priests
  2 giant frog skeletons
  2 hounds (D:5)
  2 orc wizards
  An iguana (D:5)
  3 worker ants
  A hound skeleton (D:5)
  2 worker ant zombies
  7 adders
  A shadow imp (D:5)
  A river rat (D:3)
  3 giant mites
  4 worms
  5 giant geckos
  An ooze (D:4)
  14 orcs
  4 ball pythons
  A bat zombie (D:7)
  8 giant cockroaches
  8 goblins
  6 hobgoblins
  5 jackals (D:7)
  6 kobolds
  A quokka (D:4)
  12 bats
  A giant gecko skeleton (D:4)
  4 giant newts
  38 rats
165 creatures vanquished.

Vanquished Creatures (others)
  A troll (D:7)
  An orc warrior (D:7)
  An ogre (D:5)
  A giant spore (D:7)
4 creatures vanquished.

Grand Total: 169 creatures vanquished
